 Dungeon Crawl Stone Soup version 0.24.0-2-g5b39cebb1c (webtiles) character file.

Game seed: 16713153632117865564, levelgen mode: deterministic

30 Lanoc the Skirmisher (level 3, -9/31 HPs)
             Began as a Draconian Fighter on Oct 30, 2019.
             Was a Follower of Yredelemnul.
             Killed from afar by a white imp (11 damage)
             ... with a puff of frost
             ... summoned by Natasha
             ... on level 2 of the Dungeon.
             The game lasted 00:01:39 (895 turns).

Lanoc the Skirmisher (Draconian Fighter)             Turns: 895, Time: 00:01:40

Health: -9/31      AC:  5    Str: 18    XL:     3   Next: 5%
Magic:  3/3        EV: 10    Int:  8    God:    Yredelemnul [*.....]
Gold:   87         SH:  9    Dex: 11    Spells: 2/2 levels left

rFire    . . .     SeeInvis .   a - +0 long sword
rCold    . . .     Gourm    .   b - +0 shield
rNeg     . . .     Faith    .   (armour unavailable)
rPois    .         Spirit   .   (helmet restricted)
rElec    .         Reflect  .   (no cloak)
rCorr    .         Harm     .   (no gloves)
MR       .....                  (no boots)
Stlth    +.........             (no amulet)
HPRegen  0.10/turn              (no ring)
MPRegen  0.08/turn              (no ring)

@: slowed, very slow
A: unfitting armour, cold-blooded, AC +5
a: Animate Remains, Renounce Religion


You were on level 2 of the Dungeon.
You worshipped Yredelemnul.
Yredelemnul was aware of your devotion.
You were not hungry.

You visited 1 branch of the dungeon, and saw 2 of its levels.

You collected 87 gold pieces.

Inventory:

Hand Weapons
 a - a +0 long sword (weapon)
Armour
 b - a +0 shield (worn)
Scrolls
 f - 2 scrolls of identify {unknown}
 g - 2 scrolls of magic mapping {unknown}
 h - a scroll of enchant armour {unknown}
Potions
 c - a potion of might
 e - a potion of heal wounds {unknown}
 i - a potion of agility {unknown}
Comestibles
 d - 4 rations


   Skills:
 + Level 3.6 Fighting
 * Level 2.7 Long Blades
 + Level 2.9 Dodging
 + Level 3.2 Shields


You had 2 spell levels left.
You didn't know any spells.
Your spell library was empty.

Dungeon Overview and Level Annotations

Branches:
Dungeon (2/15)

Altars:
Elyvilon
Yredelemnul

Annotations:
D:2 Natasha


Innate Abilities, Weirdness & Mutations

Your plain brown scales are hard. (AC +5)
You cannot fit into any form of body armour.
You are cold-blooded and may be slowed by cold attacks.


Message History

The puff of frost misses you.
You hit Natasha.
Natasha is heavily wounded.
The white imp gestures at you. The puff of frost misses you.
You block Natasha's attack. The white imp hits you. The white imp freezes you.
You feel yourself slow down. Natasha claws you.
* * * LOW HITPOINT WARNING * * *
You hit Natasha.
Your tail-slap misses Natasha.
Natasha is heavily wounded.
You feel yourself speed up. The white imp hits you.
* * * LOW HITPOINT WARNING * * *
The white imp freezes you.
You feel yourself slow down.
* * * LOW HITPOINT WARNING * * *
Natasha completely misses you. The white imp gestures at you.
The puff of frost hits you!
You die...
Your body rises from the dead as a mindless zombie.

.........#..#
###...
...........## ##
..........##
...............#
........#####...
.........# .
.........# .
.........# .P
......5@.######
..
......h.......##
#.
.......†#####..#
#. #......##
##.##### ##.
#######
#.#...###..
#...P....._
###...###..
##### ##. #.


You could see Natasha and a white imp.

Vanquished Creatures
  An ooze (D:1)
  A worm (D:2)
  A leopard gecko (D:1)
  3 bats
  2 giant cockroaches
  3 goblins
  4 hobgoblins (D:1)
  3 frilled lizards
  2 kobolds (D:1)
  A rat (D:2)
21 creatures vanquished.

Notes
Turn   | Place    | Note
-------+----------+-------------------------------------------
     0 | D:1      | Lanoc the Draconian Fighter began the quest for the Orb.
     0 | D:1      | Reached XP level 1. HP: 19/19 MP: 1/1
   298 | D:1      | Reached XP level 2. HP: 26/26 MP: 2/2
   733 | D:2      | Found a faded altar of an unknown god.
   739 | D:2      | Became a worshipper of Yredelemnul the Dark
   739 | D:2      | Reached * piety under Yredelemnul
   833 | D:2      | Reached XP level 3. HP: 31/31 MP: 3/3
   850 | D:2      | Found a white marble altar of Elyvilon.
   889 | D:2      | Noticed Natasha
   895 | D:2      | Killed from afar by a white imp

Levels and vault maps discovered:
D:1:      dpeg_arrival_shelter, layout_loops_ring
D:2:      layout_rooms, elyvilon_altar_1,
          chequers_ecumenical_altar_simple_redux, first_ration, uniq_natasha

Action                   || total
-------------------------++-------
Melee: Long sword        ||    72
       Tailslap          ||    15
 Stab: Sleeping          ||     1
Armor: Skin              ||    25
Dodge: Dodged            ||    48
Block: Shield            ||    42
       Rpst.: Long sword ||    10
